 Dungeon Crawl Stone Soup version 0.31-a0-361-g0f8bd3a31e (webtiles) character file.

Game seed: 10842194851319417094

65 BritishOli the Trooper (level 3, 29/29 HPs)
             Began as a Demonspawn Fighter on July 27, 2023.
             Got out of the dungeon alive.
             The game lasted 00:01:18 (1735 turns).

BritishOli the Trooper (Demonspawn Fighter)         Turns: 1735, Time: 00:01:18

Health: 29/29      AC:  6    Str: 18    XL:     3   Next: 92%
Magic:  3/3        EV:  9    Int:  9    God:
Gold:   53         SH:  4    Dex: 12    Spells: 2/2 levels left

rFire   . . .        a - +0 war axe
rCold   . . .        c - +0 buckler
rNeg    . . .        b - +0 scale mail
rPois   .            (no helmet)
rElec   .            (no cloak)
rCorr   .            (no gloves)
SInv    .            (no boots)
Will    .....        (no amulet) Stlth
                     (no ring)
HPRegen 0.24/turn    (no ring)
MPRegen 0.08/turn

%: no passive effects
@: no status effects
A: foul stench 1, powered by pain 1
a: no special abilities


You escaped.
You visited 1 branch of the dungeon, and saw 2 of its levels.

You collected 53 gold pieces.

Inventory:

Hand Weapons
 a - a +0 war axe (weapon)
Armour
 b - a +0 scale mail (worn)
 c - a +0 buckler (worn)
Scrolls
 e - 3 scrolls of identify {unknown}
 h - a scroll of revelation {unknown}
 i - a scroll of blinking {unknown}
Potions
 d - a potion of might
 f - a potion of magic {unknown}
 g - a potion of haste {unknown}
 j - 2 potions of enlightenment {unknown}


   Skills:
 + Level 3.5 Fighting
 + Level 2.4 Axes
 + Level 3.2 Armour
 + Level 3.1 Shields


You had 2 spell levels left.
You didn't know any spells.
Your spell library contained the following spells:

 Spells                   Type           Power      Damage    Failure   Level
 Magic Dart               Conj           0%         1d3       85%         1
 Call Imp                 Summ           0%         N/A       94%         2
 Call Canine Familiar     Summ           0%         N/A       99%         3
 Dazzling Flash           Conj/Hex       0%         N/A       99%         3
 Mephitic Cloud           Conj/Pois/Air  0%         N/A       99%         3
 Portal Projectile        Hex/Tloc       0%         N/A       99%         3
 Leda's Liquefaction      Hex/Erth       0%         N/A       100%        4
 Agony                    Necr           0%         N/A       100%        5
 Silence                  Hex/Air        0%         N/A       100%        5
 Summon Forest            Summ/Tloc      0%         N/A       100%        5
 Summon Mana Viper        Hex/Summ       0%         N/A       100%        5
 Summon Cactus Giant      Summ           0%         N/A       100%        6


Dungeon Overview and Level Annotations

Branches:
Dungeon (2/15)

Altars:

Shops:
D:1 [


Innate Abilities, Weirdness & Mutations

You may rarely emit foul miasma when damaged in melee.
You sometimes gain a little power by taking damage.


Message History

You are frozen.
The endoplasm closely misses you.
An endoplasm is nearby!
You slash the endoplasm!
You kill the endoplasm!
Found a spear.
Found a stone staircase leading down.
You now have 53 gold pieces (gained 9).
Found a serpent talisman.
No target in view!
Found a long sword.
You see here a serpent talisman.
Found an escape hatch in the floor.
A kobold comes into view. It is wielding a +0 short sword.
The kobold shouts!
You block the kobold's attack.
You closely miss the kobold. The kobold hits you but does no damage.
You hit the kobold but do no damage. The kobold hits you but does no damage.
The kobold hits you with a +0 short sword.
You emit a cloud of foul miasma!
You miss the kobold.
The kobold is engulfed in dark miasma.
The kobold is poisoned.
You kill the kobold!
No target in view!
(D) Dungeon
Where to? (Enter - D:2, ? - help)
There is an escape hatch in the ceiling here.
Things that are here:
a +0 dagger; a goblin skeleton
There is a stone staircase leading up here.
You climb upwards.
There is a stone staircase leading down here.
(D) Dungeon
Where to? (Enter - D:1, ? - help)
Okay, then.
You see here a +0 whip.
There is an open door here.
There is a stone staircase leading down here.
There is an open door here.
There is a staircase leading out of the dungeon here.
Are you sure you want to leave the Dungeon?
This will make you lose the game!
You have escaped!

##.###.#.###########.####.#.#
#.## ##.)............# #.#.#
.## ##.............# #.#.## #
#.## ##.######.#######
#.#..#### ##.# #.## #.....#
#........ ########### ##....#
####.#### ..#.......# #....#
#.# # ###..)....# #....# #.#
# #######'### #.@..# #.####
#.######.# #>...#### #.....
.##...#.#######'##....#
######
###...##.##......####.# #
#...###.#..>...# #.#
###...'..#'......####.#
.#################.##.#
#.##.# #.##.# ##### .†...####
#.##.# #....


There were no monsters in sight!

Vanquished Creatures
  An adder (D:2)
  2 dart slugs
  An orc (D:2)
  3 bats
  3 endoplasms
  4 giant cockroaches
  2 goblins
  4 hobgoblins
  4 jackals (D:1)
  9 kobolds
  A quokka (D:1)
  5 ball pythons
  3 frilled lizards (D:1)
  4 rats
46 creatures vanquished.

Notes
Turn   | Place    | Note
-------+----------+-------------------------------------------
     0 | D:1      | BritishOli the Demonspawn Fighter began the quest for the
                  | Orb.
     0 | D:1      | Reached XP level 1. HP: 18/18 MP: 1/1
   124 | D:1      | Gained mutation: You may rarely emit foul miasma when
                  | damaged in melee. [demonic ancestry]
   124 | D:1      | Reached XP level 2. HP: 15/24 MP: 2/2
   566 | D:1      | Found Ekkoafie's Antique Armour Emporium.
   684 | D:1      | Gained mutation: You sometimes gain a little power by
                  | taking damage. [demonic ancestry]
   684 | D:1      | Reached XP level 3. HP: 29/29 MP: 3/3
  1241 | D:2      | Found a faded altar of an unknown god.
  1735 | D:$      | Got out of the dungeon alive.

Illustrated notes

Levels and vault maps discovered:
D:1:      dpeg_arrival_connections, layout_loops_ring, serial_shops, shop
D:2:      layout_basic, chequers_ecumenical_altar_grove, basic_altar,
          minmay_unequal

Skill      XL: |  1  2 |
---------------+-------+-----
Axes           | 2 |  2.4
Armour         | 3 |  3.2
Shields        | 3 |  3.1
Fighting       | |  3.5

Action                     || total
---------------------------++-------
  Melee: War axe           ||   111
 Armour: Scale mail        ||    42
  Dodge: Dodged            ||    56
  Block: Buckler           ||    18

Table legend: (Time is in decaauts)
 A = Elapsed time spent in this place.
 B = Non-inter-level travel time spent in this place.
 C = Inter-level travel time spent in this place.
 D = Time resting spent in this place.
 E = Time spent auto-exploring this place.
 F = Levels seen in this place.
 G = Mean time per level.
                   A        B        C        D        E       F      G
               +--------+--------+--------+--------+--------+-----+--------+
         Total |   1783 |   1653 |    130 |      0 |   1355 |   2 |  891.5 |
       Dungeon |   1783 |   1653 |    130 |      0 |   1355 |   2 |  891.5 |
               +--------+--------+--------+--------+--------+-----+--------+

Top non-repeatable levels by time:
     D:1: 1002 daAuts
     D:2: 781 daAuts
